[Event "Norwegian Team Championship 2019"]
[Site "Drammen"]
[Date "2019.05.31"]
[Round "2.9"]
[White "Gandrud, Vegar Koi"]
[Black "Egeland, Finn"]
[Result "1-0"]
[ECO "E15"]
[WhiteElo "2325"]
[BlackElo "2086"]
[Annotator "ChessBase"]
[PlyCount "83"]
[EventDate "2019.05.30"]
[EventType "swiss"]
[EventCountry "NOR"]
[SourceTitle "playchess.com"]
[Source "ChessBase"]
[SourceQuality "1"]
[TimeControl "40/5400:1800"]

1. d4 Nf6 2. c4 e6 3. Nf3 b6 4. g3 Ba6 5. Nbd2 d5 6. Bg2 Be7 7. O-O O-O 8. b3 c5 9. e3 Nc6 10. Bb2 Rc8 11. Qe2 Qc7 12. Rac1 Qb8 13. Rfd1 Rfe8 14. Ne5 Nxe5 15. dxe5 Nd7 16. f4 Nf8 17. Qf3 Red8 18. f5 Bg5 19. h4 Bh6 20. g4 g6 21. g5 Bg7 22. f6 Bh8 23. Qf4 Rd7 24. Nb1 Rcd8 25. Nc3 dxc4 26. Rxd7 Rxd7 27. Ne4 Bb7 28. Nd6 Bxg2 29. Kxg2 cxb3 30. axb3 a5 31. Qf3 Rc7 32. Rd1 b5 33. Qe2 Qa8+ 34. e4 b4 35. Qb5 h6 36. Kf3 Qa7 37. Qe8 Qa6 38. gxh6 c4 39. bxc4 a4 40. h7+ Kxh7 41. Qxf8 a3 42. Nxf7 1-0

[Event "Norwegian Team Championship 2019"]
[Site "Drammen"]
[Date "2019.05.31"]
[Round "2.10"]
[White "Grover, Sigurd Loe"]
[Black "Storme, Isak"]
[Result "0-1"]
[ECO "B10"]
[WhiteElo "2028"]
[BlackElo "2309"]
[Annotator "ChessBase"]
[PlyCount "52"]
[EventDate "2019.05.30"]
[EventType "swiss"]
[EventCountry "NOR"]
[SourceTitle "playchess.com"]
[Source "ChessBase"]
[SourceQuality "1"]
[TimeControl "40/5400:1800"]

1. c4 c6 2. e4 d5 3. exd5 cxd5 4. cxd5 Nf6 5. Nc3 Nxd5 6. Nf3 Nc6 7. Bb5 e6 8. O-O Be7 9. d4 O-O 10. Re1 Nxc3 11. bxc3 Qa5 12. Qb3 Rd8 13. Bf4 Nb4 14. Re5 Nd5 15. Bd2 Qc7 16. Bd3 b6 17. Qc2 g6 18. h4 Bf6 19. Re4 Bb7 20. c4 Ne7 21. Rf4 Nf5 22. Bxf5 exf5 23. Ne5 Be4 24. Qc3 Rxd4 25. Ng4 Bg7 26. Re1 fxg4 0-1

[Event "Norwegian Team Championship 2019"]
[Site "Drammen"]
[Date "2019.05.31"]
[Round "2.11"]
[White "Ranaldi, Lucas"]
[Black "Rueda-Kjeldsen, Juan Carlos"]
[Result "1-0"]
[ECO "A38"]
[WhiteElo "2237"]
[BlackElo "1963"]
[Annotator "ChessBase"]
[PlyCount "57"]
[EventDate "2019.05.30"]
[EventType "swiss"]
[EventCountry "NOR"]
[SourceTitle "playchess.com"]
[Source "ChessBase"]
[SourceQuality "1"]
[TimeControl "40/5400:1800"]

1. Nf3 c5 2. c4 Nf6 3. g3 d5 4. cxd5 Nxd5 5. Bg2 Nc6 6. Nc3 g6 7. O-O Bg7 8. Nxd5 Qxd5 9. d3 O-O 10. Be3 Qd6 11. Rc1 b6 12. d4 c4 13. b3 Ba6 14. bxc4 Rac8 15. Qa4 Na5 16. c5 Qb8 17. Bf4 Qa8 18. Ne5 Bb7 19. c6 Ba6 20. Nd7 Rfe8 21. Rc2 h6 22. h4 Kh7 23. Rfc1 Rg8 24. Nb8 e5 25. Nxa6 exf4 26. c7 Nb7 27. Qc6 fxg3 28. Qxb7 gxf2+ 29. Kf1 1-0

[Event "Norwegian Team Championship 2019"]
[Site "Drammen"]
[Date "2019.05.31"]
[Round "2.12"]
[White "Omtvedt, Per"]
[Black "Vitenberg, Noam Aviv"]
[Result "0-1"]
[ECO "B19"]
[WhiteElo "1894"]
[BlackElo "2256"]
[Annotator "ChessBase"]
[PlyCount "110"]
[EventDate "2019.05.30"]
[EventType "swiss"]
[EventCountry "NOR"]
[SourceTitle "playchess.com"]
[Source "ChessBase"]
[SourceQuality "1"]
[TimeControl "40/5400:1800"]

1. e4 c6 2. d4 d5 3. Nc3 dxe4 4. Nxe4 Bf5 5. Ng3 Bg6 6. Nf3 Nd7 7. h4 h6 8. h5 Bh7 9. Bd3 Bxd3 10. Qxd3 e6 11. Bd2 Ngf6 12. O-O-O Be7 13. Kb1 O-O 14. Ne4 Nxe4 15. Qxe4 Nf6 16. Qe2 Qd5 17. Ne5 Qe4 18. Qxe4 Nxe4 19. Be3 Rac8 20. g4 Rfd8 21. f3 Nf6 22. c3 b5 23. Rhg1 Nd5 24. Bc1 c5 25. f4 cxd4 26. cxd4 Nf6 27. g5 hxg5 28. Rxg5 Ne4 29. Rg2 Nd6 30. Be3 Nf5 31. Bg1 Rd5 32. Rc2 Rxc2 33. Kxc2 Ng3 34. Nc6 Bd6 35. Nxa7 Bxf4 36. Nc8 Rxh5 37. d5 exd5 38. Ne7+ Kh7 39. Rxd5 Rh1 40. Bd4 Ne2 41. Bc3 Rc1+ 42. Kb3 Nxc3 43. Rh5+ Bh6 44. bxc3 g5 45. Kb4 g4 46. Ng8 Kxg8 47. Rxh6 Kg7 48. Rh2 f5 49. Kxb5 Rxc3 50. a4 g3 51. Rg2 f4 52. a5 Kf6 53. a6 Kf5 54. a7 Ra3 55. Kb6 Kg4 0-1

[Event "Norwegian Team Championship 2019"]
[Site "Drammen"]
[Date "2019.05.31"]
[Round "2.13"]
[White "Hjelmas, Lars"]
[Black "Gonzalez, Francisco Silva"]
[Result "1-0"]
[ECO "E04"]
[WhiteElo "2251"]
[BlackElo "2125"]
[Annotator "ChessBase"]
[PlyCount "108"]
[EventDate "2019.05.30"]
[EventType "swiss"]
[EventCountry "NOR"]
[SourceTitle "playchess.com"]
[Source "ChessBase"]
[SourceQuality "1"]
[TimeControl "40/5400:1800"]

1. d4 Nf6 2. c4 e6 3. g3 d5 4. Bg2 dxc4 5. Nf3 Nc6 6. Qa4 Bb4+ 7. Bd2 Nd5 8. Bxb4 Ndxb4 9. O-O Rb8 10. Nc3 a6 11. Ne5 O-O 12. Nxc6 Nxc6 13. Bxc6 bxc6 14. Qxc4 Qd6 15. b3 Rb4 16. Ne4 Qxd4 17. Qxd4 Rxd4 18. f3 f5 19. Nc5 e5 20. Rfd1 Rd5 21. Rdc1 a5 22. Rc4 Rfd8 23. Kf2 Rd4 24. Rac1 R8d5 25. Rxd4 exd4 26. f4 Kf7 27. Nd3 Bd7 28. Ne5+ Ke7 29. Ke1 c5 30. a4 g5 31. h4 gxh4 32. gxh4 Be8 33. Kd2 Kd8 34. Nc4 Bf7 35. Nxa5 Kd7 36. Nc4 Kc8 37. Ne5 Be6 38. Nd3 c4 39. Rxc4 Rd6 40. Rb4 Bd5 41. Rxd4 Bxb3 42. Rxd6 cxd6 43. a5 Kd7 44. Nb4 Bc4 45. e3 Bf1 46. Kc3 Bg2 47. Kc4 Kc7 48. Nd5+ Kb7 49. Nf6 h6 50. Ng8 h5 51. Nf6 Bf3 52. Ne8 Kc6 53. Ng7 Bg4 54. Kd4 Kd7 1-0

[Event "Norwegian Team Championship 2019"]
[Site "Drammen"]
[Date "2019.05.31"]
[Round "2.14"]
[White "Nilsen, Tobias Lang"]
[Black "Breivik, Lars"]
[Result "0-1"]
[ECO "B08"]
[WhiteElo "1986"]
[BlackElo "2165"]
[Annotator "ChessBase"]
[PlyCount "146"]
[EventDate "2019.05.30"]
[EventType "swiss"]
[EventCountry "NOR"]
[SourceTitle "playchess.com"]
[Source "ChessBase"]
[SourceQuality "1"]
[TimeControl "40/5400:1800"]

1. e4 g6 2. d4 Bg7 3. Nf3 d6 4. h3 Nf6 5. Nc3 O-O 6. Be2 Nc6 7. O-O e5 8. dxe5 Nxe5 9. Nxe5 dxe5 10. Qxd8 Rxd8 11. Bc4 c6 12. Bb3 Nd7 13. Be3 Nf8 14. Rad1 Re8 15. Rd2 Ne6 16. Rfd1 Nd4 17. Ne2 Nxb3 18. axb3 Be6 19. Nc1 b6 20. Nd3 Rac8 21. c4 f6 22. Ra1 Rc7 23. c5 Bxb3 24. cxb6 axb6 25. Bxb6 Rd7 26. Be3 Red8 27. Nc5 Rxd2 28. Bxd2 Rxd2 29. Ra8+ Bf8 30. Nxb3 Rxb2 31. Nc5 Kf7 32. Ra7+ Be7 33. Nb7 Ke6 34. Na5 Bc5 35. Ra6 Bxf2+ 36. Kf1 Kd7 37. Nxc6 Bb6 38. Na5 Bxa5 39. Rxa5 Rb4 40. Ra7+ Ke6 41. Rxh7 Rxe4 42. Ra7 Rb4 43. Kf2 Rb2+ 44. Kf3 Rb3+ 45. Kf2 Kf5 46. Ra4 e4 47. g3 Rf3+ 48. Kg2 Rd3 49. Ra5+ Ke6 50. Kf2 f5 51. h4 Rd5 52. Ra6+ Rd6 53. Ra3 Kf6 54. Ra8 Rd2+ 55. Ke3 Rg2 56. Ra6+ Kg7 57. Kf4 Kh6 58. Re6 Kh5 59. Re8 Rf2+ 60. Ke5 Kg4 61. Rg8 Kxg3 62. h5 e3 63. Rxg6+ Kh4 64. Kd4 e2 65. Re6 Kxh5 66. Kd3 Kg4 67. Kd2 f4 68. Ke1 Rh2 69. Re8 f3 70. Rg8+ Kf4 71. Rf8+ Ke4 72. Re8+ Kd5 73. Kd2 Rh1 0-1

[Event "Norwegian Team Championship 2019"]
[Site "Drammen"]
[Date "2019.05.31"]
[Round "2.15"]
[White "Eriksen, Terje"]
[Black "Kristiansen, Rune Harald"]
[Result "0-1"]
[ECO "A10"]
[WhiteElo "2145"]
[BlackElo "1872"]
[Annotator "ChessBase"]
[PlyCount "56"]
[EventDate "2019.05.30"]
[EventType "swiss"]
[EventCountry "NOR"]
[SourceTitle "playchess.com"]
[Source "ChessBase"]
[SourceQuality "1"]
[TimeControl "40/5400:1800"]

1. c4 e6 2. g3 f5 3. Bg2 Nf6 4. Nf3 d6 5. Nc3 Be7 6. d3 O-O 7. O-O Nc6 8. e4 e5 9. Nd5 fxe4 10. Nxf6+ Bxf6 11. dxe4 Be6 12. Qd3 Qe7 13. Bd2 a5 14. Bc3 b6 15. b3 g5 16. Ne1 Qg7 17. Nc2 g4 18. f3 gxf3 19. Rxf3 Nd4 20. Rf2 Nxc2 21. Rxc2 Bg5 22. a3 Qh6 23. Re1 Rf7 24. Bb2 Raf8 25. b4 axb4 26. axb4 Bh3 27. c5 Be3+ 28. Rxe3 Qxe3+ 0-1

[Event "Norwegian Team Championship 2019"]
[Site "Drammen"]
[Date "2019.05.31"]
[Round "2.16"]
[White "Johansen, Arnstein"]
[Black "Ludvigsen, Frode"]
[Result "0-1"]
[ECO "A37"]
[WhiteElo "1740"]
[BlackElo "2064"]
[Annotator "NA"]
[PlyCount "66"]
[EventDate "2019.05.30"]
[EventType "swiss"]
[EventCountry "NOR"]
[SourceTitle "playchess.com"]
[Source "ChessBase"]
[SourceQuality "1"]
[TimeControl "40/5400:1800"]

1. c4 e6 2. g3 c5 3. Bg2 Nc6 4. Nc3 g6 5. Nf3 Bg7 6. O-O Nge7 7. a3 d5 8. d3 O-O 9. Rb1 {[%emt 0:04:45] A37: Symmetrical English vs ...g6: 4 Bg2 Bg7 5 Nf3} b6 10. Bd2 d4 (10... Bb7 11. cxd5 Nxd5 12. Ne4 a5 13. h4 Rc8 14. h5 Nd4 15. hxg6 hxg6 16. Nh4 Qd7 17. g4 e5 18. e3 Ne6 19. Qe2 Rcd8 {0-1 (52) Tsydypov,Z (2529)-Paravyan,D (2634) Khanty-Mansiysk 2018}) 11. Na2 Bb7 12. b4 cxb4 13. Nxb4 $146 ({Predecessor:} 13. axb4 Qc7 14. b5 Nb8 15. Bb4 Re8 16. Bxe7 Rxe7 {1-0 (46) Zabystrzan,P (2267)-Kanakova,N (2105) Ostrava 2016}) 13... Rc8 14. Qc1 b5 15. Nxc6 Bxc6 16. Bh6 Bxh6 17. Qxh6 Nf5 18. Qf4 bxc4 19. dxc4 f6 20. Rfd1 e5 21. Qd2 Be4 22. Rbc1 Qb6 23. Qb4 Qa6 24. Nd2 Rb8 25. Bxe4 Rxb4 26. axb4 $11 Ne7 27. Ra1 Qb6 28. c5 Qxb4 29. Rxa7 Qxc5 30. Rda1 f5 31. Bd3 Rc8 32. R7a5 Qc3 33. Rxe5 Qxa1+ 0-1

[Event "Norwegian Team Championship 2019"]
[Site "Drammen"]
[Date "2019.05.31"]
[Round "2.17"]
[White "Unneland, Mathias"]
[Black "Haug, Johannes"]
[Result "0-1"]
[ECO "A57"]
[WhiteElo "2009"]
[BlackElo "2438"]
[Annotator "ChessBase"]
[PlyCount "126"]
[EventDate "2019.05.30"]
[EventType "swiss"]
[EventCountry "NOR"]
[SourceTitle "playchess.com"]
[Source "ChessBase"]
[SourceQuality "1"]
[TimeControl "40/5400:1800"]

1. d4 Nf6 2. c4 c5 3. d5 b5 4. cxb5 a6 5. b6 d6 6. e4 Nbd7 7. Nc3 g6 8. Nf3 Bg7 9. Be2 O-O 10. O-O Rb8 11. h3 Nxb6 12. a4 Ne8 13. Nd2 Nc7 14. a5 Nd7 15. Nc4 Nb5 16. Na4 f5 17. exf5 gxf5 18. Bf4 Bb7 19. Rb1 Nd4 20. Nab6 Nf6 21. Ne3 Qe8 22. b4 Nxe2+ 23. Qxe2 Nh5 24. Qc4 Bd4 25. Bh2 f4 26. bxc5 Bxc5 27. Ng4 Kh8 28. Qc3+ Ng7 29. Qc4 h5 30. Nh6 f3 31. g4 Qg6 32. Bf4 Rbd8 33. Rfe1 hxg4 34. Nxg4 Bc8 35. Nxc8 Rxc8 36. Qe4 Qxe4 37. Rxe4 Nf5 38. Rb7 Rb8 39. Rxb8 Rxb8 40. Bg5 Rb1+ 41. Kh2 Kg7 42. Ne3 Bxe3 43. Bxe3 Rd1 44. Bb6 Kf6 45. Rc4 Rxd5 46. Rc8 Rd2 47. Ra8 e5 48. Rxa6 e4 49. Ra8 e3 50. Bxe3 Nxe3 51. Kg3 Nf5+ 52. Kxf3 Rd3+ 53. Ke4 Rd4+ 54. Kf3 Ra4 55. a6 Nd4+ 56. Ke4 Ke6 57. h4 Nc6+ 58. Ke3 Ke5 59. h5 Ra3+ 60. Kd2 Rh3 61. a7 Kd5 62. f4 Rxh5 63. Rb8 Nxa7 0-1

[Event "Norwegian Team Championship 2019"]
[Site "Drammen"]
[Date "2019.05.31"]
[Round "2.18"]
[White "Tryggestad, Andreas Garberg"]
[Black "Hausken, Andreas Skrede"]
[Result "1-0"]
[ECO "E15"]
[WhiteElo "2324"]
[BlackElo "1799"]
[Annotator "ChessBase"]
[PlyCount "81"]
[EventDate "2019.05.30"]
[EventType "swiss"]
[EventCountry "NOR"]
[SourceTitle "playchess.com"]
[Source "ChessBase"]
[SourceQuality "1"]
[TimeControl "40/5400:1800"]

1. d4 Nf6 2. c4 e6 3. Nf3 b6 4. g3 Ba6 5. b3 Bb4+ 6. Bd2 Be7 7. Bc3 c6 8. Nbd2 d5 9. Bg2 O-O 10. O-O Nbd7 11. Ne5 Bb7 12. e4 dxe4 13. Nxe4 Qc7 14. Qf3 Rac8 15. Rad1 Ba8 16. Qe2 Nxe4 17. Bxe4 Nf6 18. Bg2 Rfd8 19. Nd3 Nd7 20. Bd2 Bd6 21. b4 c5 22. Bxa8 Rxa8 23. dxc5 bxc5 24. b5 a6 25. Bc3 Nb6 26. Qg4 f5 27. Qe2 Nxc4 28. bxa6 Rxa6 29. Nf4 Bxf4 30. Rxd8+ Qxd8 31. Qxc4 Ra3 32. gxf4 Qd5 33. Qxd5 exd5 34. Be5 Rxa2 35. Rb1 d4 36. Rb7 Rc2 37. Rd7 Rc3 38. Bxg7 Rb3 39. Bh6 d3 40. Kg2 Rb2 41. Rxd3 1-0

[Event "Norwegian Team Championship 2019"]
[Site "Drammen"]
[Date "2019.05.31"]
[Round "2.19"]
[White "Gaustad, Erlend"]
[Black "Nordquelle, Daniel"]
[Result "0-1"]
[ECO "D30"]
[WhiteElo "1906"]
[BlackElo "2080"]
[Annotator "NA"]
[PlyCount "206"]
[EventDate "2019.05.30"]
[EventType "swiss"]
[EventCountry "NOR"]
[SourceTitle "playchess.com"]
[Source "ChessBase"]
[SourceQuality "1"]
[TimeControl "40/5400:1800"]

1. Nf3 d5 2. d4 e6 3. c4 c6 4. Qc2 Nd7 5. g3 Bd6 (5... dxc4 6. Nbd2 b5 7. b3 cxb3 8. Qxc6 Rb8 9. axb3 Bb7 10. Qc2 Qb6 11. Bg2 Ngf6 12. O-O Bb4 13. Ba3 Bxa3 14. Rxa3 {½-½ (68) Ulybin,M (2482)-Krasenkow,M (2630) Groningen 2018}) 6. Bg2 {[%emt 0:01:56] D30: Queen's Gambit Declined: Systems without Nc3} f5 7. b3 Ngf6 8. Bb2 Qe7 9. e3 $146 ({Predecessor:} 9. Nbd2 O-O 10. O-O f4 11. Ne5 fxg3 12. hxg3 Bxe5 13. dxe5 {1-0 (26) Le,H (2042)-Lu,C (2229) Ho Chi Minh City 2015}) 9... O-O 10. O-O b6 11. Nbd2 a5 12. a3 Ba6 13. Rfc1 Rfc8 14. Qd1 Ne4 15. Bf1 Bb7 16. Rc2 Ndf6 17. a4 Rf8 18. Rac1 Bb4 19. Nxe4 Nxe4 20. Ne5 c5 21. cxd5 exd5 22. Bb5 Qe6 23. Qe2 Rad8 24. Rd1 Rd6 25. Kg2 Qe7 26. f3 Ng5 27. Qf2 Rc8 28. Rdc1 Rdd8 29. h4 Nf7 30. Nd3 Nd6 31. Nxb4 cxb4 32. Bd3 g6 33. Rxc8 Bxc8 34. Rc2 Bb7 35. Bc1 Rd7 36. Qe2 Kf7 37. Bd2 h6 38. Rc1 Kg7 39. Rc2 g5 40. hxg5 hxg5 41. Bb5 Rd8 42. Rc1 Rc8 43. Bd3 Qe6 44. Rh1 Rh8 45. Rxh8 Kxh8 46. Qd1 Kg7 47. Qh1 Bc6 48. Qc1 Qe8 49. Qh1 Bd7 50. Qc1 Qd8 51. Qh1 Be8 52. Qc1 Qd7 53. Qc2 Bf7 54. Qc1 g4 55. Qd1 Bh5 56. Be2 (56. f4 $15) 56... Nf7 $2 (56... gxf3+ $19 57. Bxf3 Bxf3+ 58. Qxf3 Ne4) 57. f4 Nd6 58. Qh1 Bf7 59. Qh4 Ne4 60. Be1 Qc7 (60... Qc6 $5 61. Bd3 $8 Qf6 $11) 61. Bd3 Bg6 62. Bxe4 dxe4 63. Qg5 Qc2+ (63... Qd6 $17 64. Bd2 Qf6) 64. Bf2 Qxb3 65. Qe7+ Qf7 66. Qe5+ Qf6 67. Qc7+ Bf7 68. d5 $1 b3 69. d6 b2 70. d7 b1=Q 71. d8=Q Qxd8 72. Qxd8 Qb4 73. Qg5+ Bg6 74. Qd8 Qc5 75. Qd7+ Bf7 76. Qd8 Qc6 77. Qg5+ Qg6 78. Qd8 Qf6 79. Qd7 Kg6 80. Qc7 Be8 81. Qc4 Qf7 82. Qd4 Qe6 83. Be1 Qa2+ 84. Bd2 Qe6 85. Bc3 Qf7 86. Qe5 Bxa4 87. Qd6+ Kh7 88. Qxb6 Bd7 $11 89. Qxa5 Qe6 90. Qa8 Kg6 91. Qh8 Kf7 92. Qg7+ Ke8 93. Qh8+ Ke7 94. Qg7+ Kd6 95. Qd4+ Kc6 96. Qa4+ Kc7 97. Ba5+ Kb7 98. Qb4+ Ka6 99. Qa3 Qc6 100. Bb4+ Kb7 101. Qa5 Qb6 102. Qe5 Qxb4 103. Qd5+ Bc6 0-1

[Event "Norwegian Team Championship 2019"]
[Site "Drammen"]
[Date "2019.05.31"]
[Round "2.20"]
[White "Sorgjerd, Jan"]
[Black "Unneland, Arne"]
[Result "0-1"]
[ECO "D02"]
[WhiteElo "2050"]
[BlackElo "1658"]
[Annotator "NA"]
[PlyCount "76"]
[EventDate "2019.05.30"]
[EventType "swiss"]
[EventCountry "NOR"]
[SourceTitle "playchess.com"]
[Source "ChessBase"]
[SourceQuality "1"]
[TimeControl "40/5400:1800"]

1. d4 d5 2. Nf3 Nf6 3. g3 Nc6 4. Bg2 Bg4 5. Nbd2 h6 6. h3 Bf5 7. O-O Qd7 8. Kh2 e6 9. c3 Bd6 10. b4 g5 11. a4 g4 12. hxg4 Nxg4+ 13. Kg1 O-O-O 14. a5 Rdg8 15. b5 Ne7 16. Qb3 Bxg3 17. c4 Bf4 18. e3 Bg5 19. Ba3 Be4 20. Rfc1 Nf5 21. Rc3 h5 22. Kf1 Nh4 23. Nxh4 Nh2+ 24. Ke2 Bxh4 25. Bxe4 dxe4 26. Nxe4 f5 27. Nc5 Qg7 28. b6 axb6 29. Qb5 bxc5 30. a6 Qg4+ 31. Kd2 Nf3+ 32. Kc2 Qe4+ 33. Kb2 bxa6 $19 34. Qxc5 Rg2 35. Rb1 Nd2 36. Rbc1 Rxf2 37. R1c2 Qb7+ 38. Ka2 Qb1# 0-1

[Event "Norwegian Team Championship 2019"]
[Site "Drammen"]
[Date "2019.06.01"]
[Round "3.2"]
[White "Mihajlov, Sebastian"]
[Black "Hauge, Lars Oskar"]
[Result "1/2-1/2"]
[ECO "B44"]
[WhiteElo "2371"]
[BlackElo "2470"]
[Annotator "ChessBase"]
[PlyCount "180"]
[EventDate "2019.05.30"]
[EventType "swiss"]
[EventCountry "NOR"]
[SourceTitle "playchess.com"]
[Source "ChessBase"]
[SourceQuality "1"]
[TimeControl "40/5400:1800"]

1. e4 c5 2. Nf3 e6 3. d4 cxd4 4. Nxd4 a6 5. c4 Nf6 6. Nc3 Qc7 7. a3 Be7 8. Be3 d6 9. Be2 Nbd7 10. O-O b6 11. Rc1 Bb7 12. f3 O-O 13. b4 Rac8 14. Qd2 Qb8 15. Rfd1 Rfe8 16. Nb3 Bd8 17. Kh1 Bc7 18. Bf4 Ne5 19. Bxe5 dxe5 20. c5 Rcd8 21. Qe1 Rxd1 22. Rxd1 Rd8 23. Rxd8+ Qxd8 24. cxb6 Bxb6 25. Na4 Bc6 26. Nxb6 Qxb6 27. Qg1 Qd8 28. Bxa6 Be8 29. Qc1 Nh5 30. g3 h6 31. Kg2 g5 32. Qd2 Qe7 33. Nc5 Nf6 34. a4 Kg7 35. a5 g4 36. Be2 Bc6 37. Qc3 Qd6 38. a6 gxf3+ 39. Bxf3 Ne8 40. Nb7 Qd7 41. Na5 Ba8 42. Qxe5+ f6 43. Qc5 Nc7 44. Qa7 Qd2+ 45. Kh3 Qc3 46. Qc5 Qxf3 47. Qxc7+ Kg6 48. Qf4 Qh5+ 49. Qh4 Qb5 50. Qg4+ Kf7 51. Nb7 Bxb7 52. axb7 Qxb7 53. Qh5+ Kg7 54. e5 f5 55. Qh4 Kh7 56. Qf4 Qb5 57. g4 Qd3+ 58. Kh4 Qd8+ 59. Kg3 Qd3+ 60. Qf3 Qd4 61. gxf5 Qxe5+ 62. Kg4 Qd4+ 63. Kh3 exf5 64. Qxf5+ Kh8 65. Qc8+ Kh7 66. Qc7+ Kh8 67. Qc5 Qd3+ 68. Kg4 Qe2+ 69. Kf5 Qh5+ 70. Kf6 Qh4+ 71. Kf7 Qf4+ 72. Ke6 Qg4+ 73. Kd6 Qg6+ 74. Kc7 Qf7+ 75. Kb6 Qe6+ 76. Qc6 Qe3+ 77. Kb7 Qe7+ 78. Kc8 Qf8+ 79. Kd7 Qxb4 80. Qxh6+ Kg8 81. Qg5+ Kh8 82. h4 Qd4+ 83. Ke6 Qe4+ 84. Kf6 Qc6+ 85. Kf7 Qd7+ 86. Kf6 Qd8+ 87. Kg6 Qe8+ 88. Kh6 Qe6+ 89. Kh5 Qe2+ 90. Qg4 Qxg4+ 1/2-1/2

[Event "Norwegian Team Championship 2019"]
[Site "Drammen"]
[Date "2019.06.01"]
[Round "3.3"]
[White "Getz, Nicolai"]
[Black "Mihajlov, Svetoslav"]
[Result "0-1"]
[ECO "A07"]
[WhiteElo "2380"]
[BlackElo "2161"]
[Annotator "ChessBase"]
[PlyCount "84"]
[EventDate "2019.05.30"]
[EventType "swiss"]
[EventCountry "NOR"]
[SourceTitle "playchess.com"]
[Source "ChessBase"]
[SourceQuality "1"]
[TimeControl "40/5400:1800"]

1. Nf3 d5 2. g3 Nf6 3. Bg2 c6 4. O-O Bf5 5. d3 h6 6. c4 dxc4 7. Ne5 Nbd7 8. Nxc4 Nb6 9. Na5 Qd7 10. Nd2 Bh3 11. Nf3 Bxg2 12. Kxg2 e6 13. e4 Bb4 14. Nb3 Rd8 15. Ne5 Qc7 16. f4 O-O 17. Qe2 Nfd7 18. Nf3 Nc5 19. Nbd4 Nca4 20. Be3 c5 21. Nc2 Ba5 22. Na3 Bb4 23. Rac1 Bxa3 24. bxa3 Qd6 25. Rfd1 Qe7 26. Ne5 Nd7 27. Nc4 b5 28. Na5 Rc8 29. Rc2 Rc7 30. g4 Rfc8 31. f5 exf5 32. gxf5 Ne5 33. Bf4 f6 34. Qe3 a6 35. Qg3 Re8 36. Nb3 Rd7 37. Na5 Nxd3 38. e5 Nxf4+ 39. Qxf4 Rxd1 40. e6 Red8 41. Nc6 Qd6 42. Qxd6 R8xd6 0-1

[Event "Norwegian Team Championship 2019"]
[Site "Drammen"]
[Date "2019.06.01"]
[Round "3.4"]
[White "Dale, Gunnar Brandshaug"]
[Black "Ogaard, Leif"]
[Result "0-1"]
[ECO "E32"]
[WhiteElo "2003"]
[BlackElo "2385"]
[Annotator "ChessBase"]
[PlyCount "84"]
[EventDate "2019.05.30"]
[EventType "swiss"]
[EventCountry "NOR"]
[SourceTitle "playchess.com"]
[Source "ChessBase"]
[SourceQuality "1"]
[TimeControl "40/5400:1800"]

1. d4 Nf6 2. c4 e6 3. Nc3 Bb4 4. Qc2 O-O 5. Nf3 d6 6. Bg5 Nbd7 7. e3 b6 8. Bd3 Qe8 9. O-O Bxc3 10. Qxc3 Bb7 11. Nd2 e5 12. Rae1 c5 13. f4 e4 14. Bb1 d5 15. dxc5 bxc5 16. Bxf6 Nxf6 17. cxd5 Rd8 18. Qxc5 Ba6 19. Rf2 Rxd5 20. Qxa7 Qb5 21. Nb3 Ng4 22. Nd4 Qb4 23. Nc2 Qd6 24. Nd4 Nxf2 25. Kxf2 Ra5 26. Rc1 Qb4 27. Qc7 Qd2+ 28. Kg1 Qxe3+ 29. Kh1 Rh5 30. Rd1 g6 31. Qd6 Bd3 32. f5 Bxb1 33. Rxb1 Rc8 34. Rf1 Qd3 35. Kg1 Qe3+ 36. Kh1 Qd3 37. Kg1 Qe3+ 38. Kh1 Qd3 39. Kg1 e3 40. Qd7 Rf8 41. fxg6 hxg6 42. Rxf7 Qd1+ 0-1

[Event "Norwegian Team Championship 2019"]
[Site "Drammen"]
[Date "2019.06.01"]
[Round "3.5"]
[White "Haug, Johannes"]
[Black "Urkedal, Frode Olav Olsen"]
[Result "0-1"]
[ECO "A47"]
[WhiteElo "2438"]
[BlackElo "2525"]
[Annotator "ChessBase"]
[PlyCount "46"]
[EventDate "2019.05.30"]
[EventType "swiss"]
[EventCountry "NOR"]
[SourceTitle "playchess.com"]
[Source "ChessBase"]
[SourceQuality "1"]
[TimeControl "40/5400:1800"]

1. d4 Nf6 2. Nf3 b6 3. e3 Bb7 4. Bd3 g6 5. O-O Bg7 6. Re1 d5 7. c4 e6 8. b4 O-O 9. Nbd2 Nbd7 10. cxd5 Nxd5 11. Qb3 c5 12. bxc5 Nxc5 13. Qa3 Nxd3 14. Qxd3 Rc8 15. Rb1 Rc3 16. Qb5 a6 17. Qb2 Qc7 18. Qa1 Rc8 19. Ne4 Rc2 20. Ba3 Nb4 21. Bxb4 Bxe4 22. Ba3 Bxf3 23. gxf3 Rxf2 0-1

[Event "Norwegian Team Championship 2019"]
[Site "Drammen"]
[Date "2019.06.01"]
[Round "3.6"]
[White "Hansen, Torbjorn Ringdal"]
[Black "Tryggestad, Andreas Garberg"]
[Result "1/2-1/2"]
[ECO "B48"]
[WhiteElo "2434"]
[BlackElo "2324"]
[Annotator "ChessBase"]
[PlyCount "109"]
[EventDate "2019.05.30"]
[EventType "swiss"]
[EventCountry "NOR"]
[SourceTitle "playchess.com"]
[Source "ChessBase"]
[SourceQuality "1"]
[TimeControl "40/5400:1800"]

1. e4 c5 2. Nf3 e6 3. d4 cxd4 4. Nxd4 Nc6 5. Nc3 Qc7 6. Be3 Nf6 7. Bd3 Nxd4 8. Bxd4 e5 9. Be3 Bb4 10. Bd2 O-O 11. O-O Bxc3 12. Bxc3 d6 13. f4 Ng4 14. Qe1 exf4 15. Rxf4 Ne5 16. Qg3 Be6 17. Raf1 Rac8 18. a3 Kh8 19. Rh4 f6 20. Rhf4 a6 21. h3 Qe7 22. Qe3 Kg8 23. R4f2 Qc7 24. Rd1 Rfe8 25. Rfd2 Qc5 26. Bd4 Qc6 27. Bc3 Qc5 28. Qf2 Qc6 29. Bf1 Nf7 30. Rd4 b5 31. Be2 Qc5 32. a4 Rb8 33. axb5 axb5 34. Rb4 Bd7 35. Rd5 Qxf2+ 36. Kxf2 Bc6 37. Bxb5 Bxd5 38. Bxe8 Rxb4 39. Bxb4 Bxe4 40. c3 Kf8 41. Bxf7 Kxf7 42. Bxd6 Ke6 43. Bf8 g6 44. g3 Kd5 45. Be7 Kc4 46. Bxf6 Kb3 47. Ke3 Bg2 48. Kd4 Kxb2 49. h4 Kb3 50. Bg5 h5 51. c4 Bf1 52. c5 Bg2 53. Be7 Ka4 54. Ke5 Kb5 55. Bf8 1/2-1/2

[Event "Norwegian Team Championship 2019"]
[Site "Drammen"]
[Date "2019.06.01"]
[Round "3.7"]
[White "Nordquelle, Daniel"]
[Black "Risting, Eivind Olav"]
[Result "1-0"]
[ECO "B12"]
[WhiteElo "2080"]
[BlackElo "2357"]
[Annotator "ChessBase"]
[PlyCount "67"]
[EventDate "2019.05.30"]
[EventType "swiss"]
[EventCountry "NOR"]
[SourceTitle "playchess.com"]
[Source "ChessBase"]
[SourceQuality "1"]
[TimeControl "40/5400:1800"]

1. e4 c6 2. d4 d5 3. e5 Bf5 4. h4 c5 5. dxc5 Nc6 6. Bb5 Bd7 7. Bxc6 bxc6 8. Be3 e6 9. Nf3 Nh6 10. c3 a5 11. Bxh6 gxh6 12. b4 Bg7 13. O-O O-O 14. Re1 f6 15. Qd4 fxe5 16. Nxe5 Rf5 17. g3 Kh8 18. a4 Qc7 19. f4 Rg8 20. Kh2 Be8 21. Ra2 Bf6 22. Rg2 Qg7 23. Rgg1 Rh5 24. Qf2 Qe7 25. Rg2 Qf8 26. Nd2 Rf5 27. Ndf3 Be7 28. Nd4 axb4 29. Nxf5 Qxf5 30. cxb4 Bf6 31. g4 Rxg4 32. Nxg4 Bg7 33. Ne5 d4 34. Reg1 1-0